Map: Incorporeal LE

Players

PakOr

  • Race: Zerg Zerg
  • League: Diamond
  • Spawn Location: 5:00

KimChiStew - Winner!

  • Race: Terran Terran
  • League: Master
  • Spawn Location: 11:00

VOD

Have the link to the VOD?

Description

Time

  • Played on: Oct. 28, 2025, 7:37 p.m.
  • Length: 10:02
Show
View Real Time Build Order
Export as new Build Order

PakOr Zerg 

Build Orders: Pool First, Swarm Host 

Get SALT Encoding   

  12  0:07  Overlord  
  12  0:13  Drone  
  13  0:16  Drone  
  14  0:22  Extractor  
  14  0:24  Drone  
  14  0:30  Drone  
  15  0:37  Extractor  
  15  0:40  Drone  
  15  0:51  Spawning Pool  
  15  0:56  Drone  
  15  1:02  Drone  
  16  1:13  Drone  
  17  1:23  Drone  
  18  1:34  Drone  
  18  1:38  Metabolic Boost  
  19  1:42  Lair  
  19  1:46  Drone  
  20  2:00  Drone  
  21  2:08  Drone  
  22  2:18  Overlord  
  22  2:32  Hatchery  
  22  2:33  Drone  
  22  2:38  Drone  
  22  2:41  Queen  
  25  2:49  Drone  
  26  2:55  Infestation Pit  
  25  3:00  Zergling x2  
  26  3:12  Overlord  
  26  3:17  Queen  
  28  3:27  Nydus Network  
  27  3:33  Hydralisk Den, Drone  
  27  3:39  Overlord  
  26  3:45  Drone  
  26  3:46  Drone  
  28  3:52  Zergling x2  
  28  3:53  Zergling x2  
  30  3:57  Zergling x2  
  31  4:03  Nydus Canal  
  31  4:06  Zergling x2  
  31  4:08  Zergling x2  
  33  4:10  Zergling x2  
  33  4:13  Zergling x2  
  35  4:21  Nydus Canal  
  35  4:27  Queen  
  34  4:37  Nydus Canal  
  34  4:40  Hydralisk  
  34  4:51  Zergling x2  
  34  4:52  Zergling x8  
  37  4:57  Nydus Canal  
  37  5:12  Nydus Canal  
  37  5:20  Zergling x4  
  37  5:21  Zergling x10  
  42  5:30  Drone  
  43  5:38  Grooved Spines  
  43  5:39  Lurker Den  
  42  5:44  Drone  
  42  5:45  Drone x2  
  42  5:46  Drone  
  46  5:51  Spore Crawler  
  46  5:55  Drone  
  46  5:56  Drone  
  47  6:03  Spore Crawler  
  46  6:04  Drone  
  46  6:06  Drone  
  48  6:17  Hive  
  48  6:23  Overseer  
  48  6:29  Drone, Muscular Augments  
  48  6:30  Spore Crawler  
  48  6:31  Drone  
  49  6:33  Drone  
  49  6:38  Pneumatized Carapace  
  50  6:44  Drone  
  50  6:45  Drone  
  52  6:47  Overlord  
  52  6:55  Overlord x2  
  52  6:59  Overlord  
  52  7:08  Drone  
  53  7:09  Drone  
  53  7:11  Spire  
  53  7:13  Overlord  
  53  7:16  Overlord  
  53  7:22  Drone x3  
  56  7:23  Drone  
  56  7:25  Drone  
  56  7:27  Drone  
  59  7:41  Hatchery  
  58  7:45  Seismic Spines  
  58  7:47  Hydralisk  
  58  7:50  Hydralisk  
  62  7:53  Hydralisk  
  62  7:56  Hydralisk  
  66  7:59  Hydralisk  
  66  8:02  Hydralisk  
  66  8:05  Overseer  
  70  8:07  Overlord  
  70  8:14  Drone  
  70  8:16  Extractor  
  71  8:20  Drone x3  
  71  8:22  Extractor  
  71  8:25  Drone x3  
  75  8:28  Corruptor  
  77  8:37  Nydus Canal  
  77  8:39  Swarm Host  
  80  8:47  Overlord  
  80  8:48  Overlord  
  80  8:52  Drone x3  
  83  8:58  Hatchery  
  83  8:59  Swarm Host  
  83  9:00  Swarm Host  
  88  9:07  Swarm Host  
  88  9:08  Swarm Host  
  94  9:14  Swarm Host  
  97  9:22  Queen  
  97  9:23  Drone x2  
  97  9:24  Drone x2  
  102  9:27  Extractor  
  102  9:29  Extractor  
  102  9:30  Swarm Host  
  104  9:33  Swarm Host  
Show
View Real Time Build Order
Export as new Build Order

KimChiStew Terran - Winner!

Build Orders: Reaper Expand, Hellion Banshee 

Get SALT Encoding   

  12  0:00  SCV  
  13  0:12  SCV  
  14  0:18  Supply Depot  
  14  0:25  SCV  
  15  0:39  SCV  
  15  0:41  Barracks  
  16  0:44  Refinery  
  16  0:51  SCV  
  17  1:04  SCV  
  18  1:16  SCV  
  19  1:28  Orbital Command  
  19  1:30  Reaper  
  20  1:41  Command Center  
  20  1:50  Supply Depot  
  20  1:54  SCV  
  21  2:01  Marine  
  21  2:06  SCV  
  23  2:13  Factory  
  23  2:14  Refinery  
  23  2:24  Bunker  
  23  2:28  SCV  
  24  2:30  Barracks Reactor  
  24  2:40  SCV  
  25  2:54  Orbital Command  
  25  3:03  Starport  
  25  3:06  SCV  
  26  3:18  SCV  
  26  3:19  Barracks Tech Lab  
  27  3:21  Supply Depot, Hellion x2  
  27  3:26  SCV  
  32  3:38  SCV  
  33  3:43  Hellion x2  
  33  3:44  Supply Depot  
  33  3:48  Supply Depot  
  37  3:50  SCV  
  37  3:51  Banshee  
  37  3:53  Cloaking Field  
  41  3:55  Marine  
  41  3:59  SCV  
  41  4:02  SCV  
  44  4:06  Hellion  
  46  4:11  Hellion  
  46  4:16  Supply Depot  
  48  4:17  SCV  
  48  4:18  SCV  
  50  4:36  Refinery  
  50  4:37  Engineering Bay, Refinery  
  50  4:40  Engineering Bay  
  47  4:56  Banshee  
  50  5:10  Supply Depot, SCV  
  49  5:22  SCV  
  50  5:30  Hellion x2, Marine  
  50  5:34  SCV  
  50  5:35  SCV  
  57  5:38  Banshee  
  60  5:45  Terran Infantry Weapons Level 1  
  60  5:46  Terran Infantry Armor Level 1, SCV  
  60  5:47  SCV  
  62  5:53  Barracks x2  
  62  5:59  SCV  
  62  6:00  Supply Depot, Factory Reactor  
  63  6:11  SCV  
  64  6:16  Armory  
  64  6:18  Supply Depot  
  64  6:19  Supply Depot  
  64  6:23  Command Center, SCV x2  
  64  6:25  Supply Depot  
  66  6:33  Marine x2  
  66  6:36  SCV  
  66  6:39  Starport Reactor  
  69  6:47  Missile Turret  
  69  6:48  SCV  
  69  6:50  Marine x2  
  69  6:53  Stimpack  
  72  6:55  Barracks  
  72  6:56  Factory Tech Lab  
  72  6:57  Barracks  
  72  7:00  SCV  
  73  7:07  Supply Depot  
  73  7:11  Missile Turret  
  73  7:12  SCV  
  73  7:13  Missile Turret, Marine  
  75  7:16  SCV  
  76  7:25  SCV  
  76  7:28  SCV  
  78  7:30  Marine  
  78  7:31  Marine x4  
  78  7:32  Siege Tank  
  78  7:36  Supply Depot  
  87  7:37  SCV  
  87  7:41  Medivac x2  
  92  7:45  Barracks Reactor  
  92  7:48  Marine x2  
  92  7:49  SCV  
  92  7:51  Barracks Reactor, Marine x3  
  97  8:06  Marine x2  
  97  8:09  Marine  
  97  8:10  Siege Tank  
  97  8:12  Medivac x2  
  107  8:30  Marine x5  
  107  8:31  Marine x4  
  116  8:35  Planetary Fortress  
  116  8:40  SCV x2  
  118  8:48  Medivac, Marine x6  
  121  8:49  Marine x3  
  121  8:52  Supply Depot, SCV x2  
  131  8:56  Supply Depot  
  131  9:01  Siege Tank  
  134  9:06  Marine x8  
  134  9:07  Marine  
  143  9:23  Marine  
  143  9:24  Marine x4  
  145  9:27  Marine  
  145  9:28  Marine x3  
  155  9:41  Marine x2  
Tags
 
Add a new tag
Caveats
  • Supply blocks, unpowered buildings, or Contaminate may cause inaccurate times.
  • Supply counts are checked every 10 seconds.